 Dungeon Crawl Stone Soup version 0.25-a0-589-g1e14c549ee (webtiles) character file.

Game seed: 9424449944189318122, levelgen mode: deterministic

58 eligius the Skirmisher (level 3, 0/33 HPs)
             Began as a Draconian Berserker on Mar 9, 2020.
             Was a Follower of Trog.
             Slain by a worm (2 damage)
             ... on level 2 of the Dungeon.
             The game lasted 00:03:46 (959 turns).

eligius the Skirmisher (Draconian Berserker)         Turns: 959, Time: 00:03:47

Health: 0/33       AC:  5    Str: 20    XL:     3   Next: 75%
Magic:  3/3        EV: 13    Int:  7    God:    Trog [*.....]
Gold:   71         SH:  0    Dex: 10    Spells: 2/2 levels left

rFire    . . .     SeeInvis .   a - +0 hand axe
rCold    . . .     Gourm    .   (no shield)
rNeg     . . .     Faith    .   (armour unavailable)
rPois    .         Spirit   .   (helmet restricted)
rElec    .         Reflect  .   (no cloak)
rCorr    .         Harm     .   (no gloves)
MR       .....                  (no boots)
Stlth    +.........             (no amulet)
HPRegen  0.11/turn              k - ring of wizardry
MPRegen  0.08/turn              (no ring)

@: no status effects
A: unfitting armour, cold-blooded, AC +5
a: Berserk, Renounce Religion


You were on level 2 of the Dungeon.
You worshipped Trog.
Trog was aware of your devotion.
You were not hungry.

You visited 1 branch of the dungeon, and saw 2 of its levels.

You collected 71 gold pieces.

Inventory:

Hand Weapons
 a - a +0 hand axe (weapon)
Jewellery
 k - a ring of wizardry (left hand)
Scrolls
 d - 2 scrolls of teleportation {unknown}
 e - 3 scrolls of identify {unknown}
 f - 2 scrolls of amnesia {unknown}
 g - a scroll of fear {unknown}
 i - a scroll of blinking {unknown}
 j - 3 scrolls of enchant weapon {unknown}
Potions
 h - a potion of stabbing {unknown}
Comestibles
 b - 3 rations
 c - 5 chunks of flesh


   Skills:
 + Level 4.0 Fighting
 + Level 3.6 Axes
 + Level 3.2 Dodging


You had 2 spell levels left.
You didn't know any spells.
Your spell library was empty.

Dungeon Overview and Level Annotations

Branches:
Dungeon (2/15)

Altars:


Innate Abilities, Weirdness & Mutations

Your plain brown scales are hard. (AC +5)
You cannot fit into any form of body armour.
You are cold-blooded and may be slowed by cold attacks.


Message History

a +0 dagger; a chunk of flesh; a jackal skeleton
c - 6 chunks of flesh (gained 1) Some of the chunks of flesh in your inventory have rotted away.
The worm bites you.
* * * LOW HITPOINT WARNING * * *
Things that are here:
a +0 dagger; a jackal skeleton You hit the worm.
The worm is lightly wounded.
The worm closely misses you.
You barely miss the worm.
The worm is lightly wounded.
You barely miss the worm. You tail-slap the worm.
The worm is lightly wounded.
The worm bites you!
* * * LOW HITPOINT WARNING * * *
You slash the worm!
The worm is heavily wounded.
The worm bites you.
You die...

.. #.# ..... .. #.#
.....
##.####.##.....
####.....#........
##........#........
......... #........
#.....#)###........
#...).w@.........
###.....###........
...................
.......<...........
.......#.#.........
.......'...........
.......#..#........
.......##.#.########
....... #...##.....#


You could see a worm.

Vanquished Creatures
  2 adders (D:2)
  An ooze (D:1)
  A dart slug (D:1)
  2 leopard geckos (D:1)
  3 bats
  2 giant cockroaches (D:1)
  7 goblins
  4 hobgoblins
  2 jackals (D:2)
  3 kobolds (D:1)
  6 rats
33 creatures vanquished.

Notes
Turn   | Place    | Note
-------+----------+-------------------------------------------
     0 | D:1      | eligius the Draconian Berserker began the quest for the
                  | Orb.
     0 | D:1      | Reached XP level 1. HP: 19/19 MP: 1/1
   138 | D:1      | Reached XP level 2. HP: 21/26 MP: 2/2
   610 | D:1      | Reached XP level 3. HP: 33/33 MP: 3/3
   913 | D:2      | Reached skill level 4 in Fighting
   959 | D:2      | Slain by a worm

Levels and vault maps discovered:
D:1:      eino_arrival_cavern_b, layout_loops_ring, minmay_misc_feat_x
D:2:      layout_basic, xom_redecorated

Skill      XL: |  1  2  3 |
---------------+----------+-----
Dodging        | 3 |  3.2
Fighting       | 4 |  4.0
Axes           | |  3.6

Action                   || total
-------------------------++-------
Melee: Hand axe          ||    98
       Tailslap          ||     7
Armor: Skin              ||    29
Dodge: Dodged            ||    80

Table legend:
 A = Non-vault XP
 B = Vault XP
 C = Vault XP percentage of total XP
 D = Non-vault monster count
 E = Vault monster count
 F = Vault count percentage of total count
                 A         B        C        D         E       F
            +---------+---------+-------+---------+---------+-------
      Total |      83 |       0 |   0.0 |      33 |       0 |   0.0
            +---------+---------+-------+---------+---------+-------
        D:1 |      41 |       0 |   0.0 |      20 |       0 |   0.0
        D:2 |      42 |       0 |   0.0 |      13 |       0 |   0.0
            +---------+---------+-------+---------+---------+-------
